 Dungeon Crawl Stone Soup version 0.32-a0-576-g706899e69d (webtiles) character file.

Game seed: 16197797974536600580

190206 BubbleThief the Warrior (level 17, -2/147 (166) HPs)
             Began as a Mountain Dwarf Cinder Acolyte on Feb 29, 2024.
             Was an Initiate of Ignis.
             Slain by a spark wasp (7 damage)
             ... on level 1 of the Depths on Mar 1, 2024.
             The game lasted 01:52:18 (35650 turns).

BubbleThief the Warrior (MDCA)                     Turns: 35650, Time: 01:52:19

HP:   -2/147 (166)  AC: 36    Str: 20    XL:     17   Next: 97%
MP:   16/30         EV:  7    Int: 24    God:    Ignis [......]
Gold: 2228          SH: 16    Dex:  5    Spells: 15/34 levels left

rFire   + + .        Q - +0 morningstar (holy)
rCold   + + +        Y - +2 tower shield {rPois}
rNeg    + . .        X - +3 pearl dragon scales
rPois   +            P - +2 helmet {Int+3}
rElec   .            s - +2 cloak {rC+}
rCorr   .            m - +1 pair of gloves
SInv    +            w - +1 pair of boots "Habe" {rF+ rC+++ Str-2 Dex-3}
Will    +....        D - amulet of regeneration Stlth
                     g - +4 ring of protection
HPRegen 1.24/turn    O - ring of False Pretenses {Int+3 Dex+3 SInv}
MPRegen 0.22/turn

%: no passive effects
@: studying Short Blades, heavily drained
A: runic magic, artefact enchanting, persistent drain
a: Renounce Religion, Rising Flame


You were on level 1 of the Depths.
You worshipped Ignis.
Ignis was noncommittal.
You visited 6 branches of the dungeon, and saw 29 of its levels.
You also visited: Bailey, Gauntlet and Ice Cave.

You collected 4137 gold pieces.
You spent 1909 gold pieces at shops.

Inventory:

Hand Weapons
 B - a +4 dire flail of protection
 Q - a +0 morningstar of holy wrath (weapon)
Missiles
 F - a throwing net (quivered)
Armour
 m - a +1 pair of gloves (worn)
 p - +0 storm dragon scales
 s - a +2 cloak of cold resistance (worn)
 w - the +1 pair of boots "Habe" (worn) {rF+ rC+++ Str-2 Dex-3}
   (You acquired it in a bailey)

   Str-2:     It affects your strength (-2).
   Dex-3:     It affects your dexterity (-3).
   rF+:       It protects you from fire.
   rC+++:     It renders you almost immune to cold.
 x - a +0 kite shield
 N - a +1 kite shield of protection
 P - a +2 helmet of intelligence (worn)
 X - +3 pearl dragon scales (worn)
 Y - a +2 tower shield of poison resistance (worn)
Jewellery
 b - the ring "Fuoz" {Fly rF+ rC+++ rCorr Int-2}
   (You bought it in a shop on level 2 of the Orcish Mines)

   [ring of protection from fire]

   Int-2:     It affects your intelligence (-2).
   rF+:       It protects you from fire.
   rC+++:     It renders you almost immune to cold.
   Fly:       It grants you flight.
   rCorr:     It protects you from acid and corrosion.
 g - a +4 ring of protection (left hand)
 D - an amulet of regeneration (around neck)
 O - the ring of False Pretenses (right hand) {Int+3 Dex+3 SInv}
   (You found it on level 1 of the Lair of Beasts)

   [ring of see invisible]

   Int+3:     It affects your intelligence (+3).
   Dex+3:     It affects your dexterity (+3).
   SInv:      It lets you see invisible.
 S - a ring of flight
 Z - a ring of resist corrosion
Wands
 a - a wand of paralysis (20)
 f - a wand of acid (11)
 o - a wand of polymorph (10)
 y - a wand of iceblast (18)
 G - a wand of flame (8)
 L - a wand of digging (11)
 R - a wand of mindburst (12)
Scrolls
 c - 5 scrolls of fear
 d - 5 scrolls of fog
 e - a scroll of teleportation
 h - 4 scrolls of identify
 n - 2 scrolls of enchant weapon
 H - 4 scrolls of revelation
 J - 2 scrolls of vulnerability
 M - a scroll of amnesia
 U - a scroll of silence
 W - a scroll of butterflies
Potions
 i - 3 potions of haste
 j - 2 potions of berserk rage
 k - 10 potions of curing
 l - 3 potions of cancellation
 q - 5 potions of might
 r - 4 potions of brilliance
 t - 5 potions of attraction
 u - 5 potions of heal wounds
 z - 4 potions of mutation
 A - a potion of lignification
 C - 11 potions of invisibility
 E - 2 potions of resistance
 V - a potion of magic
Miscellaneous
 v - a tin of tremorstones (2/2)
 I - a phantom mirror (inert)
 T - a phial of floods (inert)


   Skills:
 - Level 18.8 Fighting
 - Level 18.0 Maces & Flails
 - Level 15.5 Armour
 + Level 11.0 Shields
 - Level 9.0 Spellcasting
 - Level 17.5 Fire Magic


You had 15 spell levels left.
You knew the following spells:

 Your Spells              Type           Power      Damage    Failure   Level
a - Scorch                Fire           100%       2d9       1%          2
b - Summon Blazeheart Go  Fire/Summ      52%        N/A       8%          4
c - Sticky Flame          Fire/Alch      52%        2d9       8%          4
d - Fireball              Conj/Fire      26%        3d12      22%         5
e - Flame Wave            Conj/Fire      52%        2d13      8%          4

Your spell library contained the following spells:

 Spells                   Type           Power      Damage    Failure   Level
 Inner Flame              Hex/Fire       52%        N/A       2%          3
 Apportation              Tloc           20%        N/A       28%         1
 Necrotise                Necr           40%        1d6       28%         1
 Sting                    Conj/Alch      40%        1d5       28%         1
 Summon Small Mammal      Summ           40%        N/A       28%         1
 Call Canine Familiar     Summ           10%        N/A       63%         3
 Dazzling Flash           Conj/Hex       20%        N/A       63%         3
 Gell's Gravitas          Tloc           10%        N/A       63%         3
 Mephitic Cloud           Conj/Alch/Air  10%        N/A       63%         3
 Teleport Other           Tloc           10%        N/A       63%         3
 Animate Armour           Summ/Erth      20%        N/A       95%         4
 Animate Dead             Necr           10%        N/A       95%         4
 Brom's Barrelling Bould  Conj/Erth      10%        2d3       95%         4
 Cause Fear               Hex            5%         N/A       95%         4
 Summon Lightning Spire   Summ/Air       10%        N/A       95%         4
 Borgnjor's Vile Clutch   Necr/Erth      5%         N/A       100%        5
 Curse of Agony           Necr           10%        N/A       100%        5
 Iskenderun's Battlesphe  Conj           10%        2d6       100%        5
 Lee's Rapid Deconstruct  Erth           5%         3d6*      100%        5
 Silence                  Hex/Air        5%         N/A       100%        5
 Bombard                  Conj/Erth      5%         9d2       100%        6
 Conjure Ball Lightning   Conj/Air       5%         3x3d6     100%        6
 Death Channel            Necr           5%         N/A       100%        6
 Dispersal                Tloc           5%         N/A       100%        6
 Summon Cactus Giant      Summ           5%         N/A       100%        6
 Orb of Destruction       Conj           5%         9d5       100%        7
 Spellforged Servitor     Conj/Summ      5%         N/A       100%        7
 Dragon's Call            Summ           5%         N/A       100%        9


Dungeon Overview and Level Annotations

Branches:
Dungeon (15/15)            Temple (0/1) D:5            Lair (5/5) D:8
 Shoals (3/4) Lair:2        Snake (3/4) Lair:2        Slime (0/5) Lair:4
    Orc (2/2) D:12            Elf (0/3) Orc:2        Vaults (0/5) D:13
 Depths (1/4) D:15         Bailey (visited)           IceCv (visited)
Gauntlet (visited)

Altars:
Ashenzari
Cheibriados
Dithmenos
Elyvilon
Kikubaaqudgha
Nemelex Xobeh
Qazlal
Ru
Uskayaw
Vehumet
Wu Jian
Xom
Yredelemnul
Zin
The Shining One
Beogh
Jiyva

Shops:
D:3 :   D:4 !:   D:10 *   Orc:2 :=[?

Portals:
Hell: Depths:1
Trove: D:12 (give 6 scrolls of fog)

Annotations:
D:7 Jeremiah
D:14 2 transporters
Lair:3 exclusion: oklob plant
Shoals:2 2 transporters, Hiprater's ghost, adept MiBe
Shoals:3 3 runed translucent doors, Mara
Snake:3 Vashnia


Innate Abilities, Weirdness & Mutations

Your spellcasting is much less encumbered by armour.
You can use scrolls of enchantment on lesser artefacts.
Your health recovers twice as slowly from being drained.


Message History

* * * LOW HITPOINT WARNING * * *
You block the spark wasp's attack.
The necromancer casts a spell.
The necromancer binds the souls of nearby monsters.
The hell knight hits you but does no damage.
You block the spark wasp's attack.
You hit the spark wasp.
The spark wasp is lightly wounded.
The spark wasp burns! x2; The spark wasp closely misses you.
You block the spark wasp's attack.
The necromancer casts a spell.
The necromancer binds the souls of nearby monsters.
The hell knight hits you from afar with a +2 halberd of flaming!
* * * LOW HITPOINT WARNING * * *
The hell knight burns you.
* * * LOW HITPOINT WARNING * * *
The spark wasp stings you but does no damage.
Unknown command.
The spark wasp burns! x2
The spark wasp shakes off the sticky flame as it moves.
The spark wasp attacks as it pursues you!
The spark wasp stings you but does no damage.
The spark wasp shakes off the sticky flame as it moves.
You block the spark wasp's attack.
The hell knight attacks as it pursues you!
You block the hell knight's attack.
The spark wasp stings you but does no damage.
The necromancer casts a spell.
The necromancer binds the souls of nearby monsters.
The spark wasp stings you!
* * * LOW HITPOINT WARNING * * *
The spark wasp shocks you!
* * * LOW HITPOINT WARNING * * *
You hear a shout!
The spark wasp attacks as it pursues you!
You block the spark wasp's attack.
The hell knight prays to its god.
The hell knight seems to speed up.
The spark wasp stings you!
You die...
Ignis goes out, and joins you in death.

.~~.........##...........(C#...#
.......................[...#####
.........pp...~.........(.####
##............~≈........Q##..# ##
..............~~.........~~..♣♣♣.
............#............C~P..P..
..>.....~.....p....~~~~~Q.PP♣♣.♣♣
...!....~~.....yy........P.♣♣P..♣
#...............@........♣C♣P...P
#........................♣P..._..
...............~~........♣.♣PC..P
...............≈~..........♣♣P.P♣
.............≈~≈≈≈........PP♣♣.♣♣
......#......~≈≈≈~.......~~P.....
......#......~≈≈≈≈.......~~.P♣♣♣.
......#......~≈~≈~.........~.....
..~~.##........ .......~~~~....


You could see 2 spark wasps, 2 hell knights and a necromancer.

Vanquished Creatures
  Nikola (Shoals:1)
  Frances (Snake:1)
  Gastronok (D:10)
  A storm dragon (D:12)
  Agnes (Snake:1)
  A kraken (Shoals:2)
  Aizul (Snake:2)
  A fire giant (Depths:1)
  3 orc warlords
  A very ugly thing (IceCv)
  3 stone giants (Depths:1)
  Nessos (Lair:5)
  A vampire knight (Depths:1)
  A minotaur (Gauntlet)
  4 spark wasps (Depths:1)
  The ghost of yleetSyT the Impaler, a journeyman DsWn of Beogh (Orc:2)
  A dire elephant (D:15)
  Snorg (Lair:5)
  4 merfolk javelineers
  3 ettins
  2 blizzard demons (IceCv)
  4 merfolk impalers
  2 fire dragons (Depths:1)
  Josephine (Lair:4)
  A great orb of eyes (D:15)
  Erolcha (Orc:2)
  2 centaur warriors
  3 rakshasas
  6 hydras
  An ogre mage (Orc:2)
  6 boulder beetles
  8 anacondas
  A merfolk avatar (Shoals:3)
  A catoblepas (Shoals:2)
  3 two-headed ogres
  2 satyrs
  A deep troll earth mage (D:12)
  2 tengu warriors (Depths:1)
  7 death yaks
  A deep troll shaman (Depths:1)
  3 shock serpents
  8 naga warriors
  Urug (D:10)
  An orc high priest (Orc:1)
  3 naga sharpshooters (Snake:2)
  Nergalle (Orc:2)
  A hell knight (Depths:1)
  3 skysharks
  A salamander mystic (Snake:2)
  2 iron trolls (Depths:1)
  7 sea snakes
  2 goliath frogs (Lair:5)
  An arcanist (D:13)
  A deep troll (Depths:1)
  7 naga ritualists
  An obsidian statue (IceCv)
  2 mana vipers (Snake:1)
  2 lindwurms (D:13)
  10 spriggan simulacra
  A deep elf pyromancer (D:12)
  A necromancer (Gauntlet)
  4 orc knights
  10 harpies
  9 manticores
  11 orc sorcerers
  2 wolf spiders
  11 ugly things (D:15)
  3 cyclopes
  A kobold blastminer (Orc:2)
  3 salamanders (Snake:3)
  19 fauns
  3 worldbinders (Gauntlet)
  29 black mambas
  10 elephants (Lair:5)
  7 merfolk sirens
  3 meliai (D:15)
  2 guardian serpents
  3 molten gargoyles
  4 naga magi
  19 cane toads
  A gargoyle (D:13)
  3 water nymphs
  2 torpor snails
  2 freezing wraiths (IceCv)
  6 rime drakes
  5 anaconda simulacra
  3 tengu conjurers
  7 ice devils (IceCv)
  11 komodo dragons
  A queen bee (shapeshifter) (D:13)
  7 trolls
  12 merfolk
  4 polar bears
  2 tyrant leeches (Lair:5)
  An alligator simulacrum (IceCv)
  A tarantella (D:13)
  A nameless horror (Lair:4)
  3 dream sheep
  6 wind drakes
  24 blink frogs
  A snapping turtle (Shoals:1)
  2 shadows
  4 dire elephant simulacra (IceCv)
  13 slime creatures
  A spriggan (D:14)
  2 jumping spiders (D:13)
  9 wraiths
  6 water elementals
  Eustachio (D:6)
  A fire elemental (D:14)
  4 basilisks
  38 yaks
  7 wyverns
  A hog (D:10)
  7 wargs
  8 vampire mosquitoes
  9 minotaur simulacra
  2 redbacks (D:13)
  3 steam dragons
  2 harpy simulacra
  4 acid dragons
  19 water moccasins
  16 nagas
  2 hydra simulacra (IceCv)
  33 orc warriors
  An ice beast (D:5)
  2 black bears
  A sky beast (D:8)
  An ettin simulacrum (IceCv)
  14 ogres
  14 wolves
  6 boggarts
  6 centaurs
  2 phantoms
  15 bullfrogs
  A kobold brigand (D:8)
  A gnoll sergeant (D:6)
  3 scorpions
  14 deep troll simulacra
  8 wights
  6 killer bees (D:9)
  A lindwurm simulacrum (IceCv)
  An electric eel (Lair:5)
  2 howler monkeys (D:7)
  5 bombardier beetles
  10 lava snakes
  13 orc priests
  A sleepcap (D:6)
  An iguana (D:4)
  34 orc wizards
  5 adders
  9 gnolls
  2 white imps
  A ribbon worm (D:4)
  2 dart slugs
  87 orcs
  4 ball pythons
  8 bats
  9 endoplasms
  4 giant cockroaches
  6 goblins
  9 hobgoblins
  7 jackals (D:1)
  4 quokkas
  2 frilled lizards
  21 kobolds
  2 rats
  3 tentacles (Shoals:2)
944 creatures vanquished.

Vanquished Creatures (collateral kills)
  A skyshark (Shoals:1)
  A deep troll (Depths:1)
  A necromancer (D:13)
  A salamander (Snake:2)
  A faun (Shoals:3)
  An elephant (Lair:5)
  A troll (Orc:2)
  3 blink frogs (Lair:5)
  A slime creature (D:15)
  A basilisk (Lair:2)
  2 water moccasins (Lair:2)
  2 orc warriors (Orc:2)
  2 wolves
  A bullfrog (Lair:5)
  8 orcs (Orc:2)
27 creatures vanquished.

Vanquished Creatures (others)
  A sea snake (Shoals:1)
  A human (D:9)
  An orc wizard (D:6)
  28 blazeheart cores
  A butterfly (Depths:1)
  39 foxfires
  4 tentacles (Shoals:2)
75 creatures vanquished.

Grand Total: 1046 creatures vanquished

Notes
Turn   | Place    | Note
-------+----------+-------------------------------------------
     0 | D:1      | BubbleThief the Mountain Dwarf Cinder Acolyte began the
                  | quest for the Orb.
     0 | D:1      | Reached XP level 1. HP: 19/19 MP: 2/2
   108 | D:2      | Reached XP level 2. HP: 26/26 MP: 3/3
   120 | D:2      | Learned a level 2 spell: Scorch
   355 | D:1      | Reached XP level 3. HP: 28/31 MP: 1/5
  1451 | D:2      | Reached XP level 4. HP: 35/40 MP: 1/6
  2130 | D:3      | Found Kitritt's Vocational Training.
  2469 | D:3      | Found a basalt altar of Yredelemnul.
  2571 | D:3      | Noticed a centaur
  2577 | D:3      | Killed a centaur
  2578 | D:3      | Reached XP level 5. HP: 46/47 MP: 0/8
  2669 | D:3      | Reached skill level 5 in Maces & Flails
  2945 | D:3      | Reached skill level 5 in Fire Magic
  3049 | D:4      | Found Uhemuucko's Book Emporium.
  3295 | D:4      | Noticed a phantom
  3336 | D:4      | Reached XP level 6. HP: 53/53 MP: 6/9
  3367 | D:4      | Found a snail-covered altar of Cheibriados.
  3435 | D:4      | Reached skill level 1 in Armour
  3554 | D:4      | Found Nogarghu's Distillery.
  3564 | D:4      | Bought a potion of curing for 30 gold pieces
  3643 | D:4      | Reached skill level 5 in Fighting
  3739 | D:4      | Found a broken altar of Ashenzari.
  4318 | D:5      | Entered Level 5 of the Dungeon
  4377 | D:5      | Found a shimmering altar of Xom.
  4397 | D:5      | Noticed a yak
  4400 | D:5      | Noticed a yak
  4400 | D:5      | Noticed a yak
  4411 | D:5      | Reached XP level 7. HP: 61/61 MP: 6/10
  4415 | D:5      | Killed a yak
  4419 | D:5      | Killed a yak
  4424 | D:5      | Killed a yak
  4522 | D:5      | Found a staircase to the Ecumenical Temple.
  4525 | D:5      | Reached XP level 8. HP: 66/71 MP: 6/11
  4629 | D:5      | Found a white marble altar of Elyvilon.
  5227 | D:6      | Reached skill level 5 in Armour
  5629 | D:6      | Noticed Eustachio
  5634 | D:6      | Killed Eustachio
  5846 | D:6      | Reached XP level 9. HP: 54/81 MP: 6/12
  6640 | D:6      | Found a hide-covered altar of Uskayaw.
  6748 | D:7      | Found a sacrificial altar of Ru.
  6805 | D:7      | Noticed Jeremiah
  6908 | D:7      | Noticed a troll
  7039 | D:7      | Found an ornate altar of the Wu Jian Council.
  7395 | D:8      | Found a staircase to the Lair.
  7884 | D:8      | Found a shadowy altar of Dithmenos.
  8502 | D:9      | Found a sparkling altar of Nemelex Xobeh.
  8503 | D:9      | Found a stormy altar of Qazlal.
  8510 | D:9      | Learned a level 4 spell: Summon Blazeheart Golem
  8775 | D:9      | Found a radiant altar of Vehumet.
  8807 | D:9      | Identified the +1 ring mail of the Carpenter {MP+9 Str+4}
  8974 | D:9      | Reached skill level 10 in Maces & Flails
  9220 | D:9      | Found a glowing silver altar of Zin.
  9239 | D:9      | Found a glowing golden altar of the Shining One.
  9352 | D:9      | Found an ancient bone altar of Kikubaaqudgha.
  9429 | D:10     | Entered Level 10 of the Dungeon
  9548 | D:10     | Found a flagged portal.
  9573 | Bailey   | Entered a bailey
  9578 | Bailey   | Noticed an orc warlord
  9587 | Bailey   | Reached XP level 10. HP: 89/90 MP: 13/13
  9662 | Bailey   | Found a runed translucent gate.
  9664 | Bailey   | Found a runed translucent gate.
  9666 | Bailey   | Found a runed translucent gate.
  9670 | Bailey   | Acquired the +7 Kryia's mail coat {PotionHeal*2 rC+}
  9670 | Bailey   | Found the +7 Kryia's mail coat {PotionHeal*2 rC+}
  9795 | Bailey   | Killed an orc warlord
  9796 | Bailey   | Reached skill level 10 in Fighting
  9826 | Bailey   | Acquired the +1 pair of boots "Habe" {rF+ rC+++ Str-2
                  | Dex-3}
 10179 | D:10     | Noticed Urug
 10209 | D:10     | Killed Urug
 10243 | D:10     | Noticed Gastronok
 10284 | D:10     | Found Ogimuva's General Store.
 10293 | D:10     | Bought a phantom mirror for 480 gold pieces
 10339 | D:10     | Killed Gastronok
 10340 | D:10     | Reached skill level 10 in Armour
 10511 | D:10     | Reached XP level 11. HP: 102/102 MP: 14/14
 10662 | D:10     | Found a runed translucent gate.
 10662 | D:10     | Found a runed translucent gate.
 10662 | D:10     | Found a runed translucent gate.
 10662 | D:10     | Noticed a death yak
 10662 | D:10     | Noticed a death yak
 10662 | D:10     | Noticed a death yak
 10664 | D:10     | Noticed a death yak
 10819 | D:11     | Identified the +6 falchion of Valuable Assets {venom,
                  | *Noise rN+ Dex+3 SInv}
 10853 | D:11     | You fall into a shaft and drop 1 floor!
 10971 | D:11     | Noticed a two-headed ogre
 10978 | D:11     | Killed a two-headed ogre
 11512 | Lair:1   | Entered Level 1 of the Lair of Beasts
 11761 | Lair:1   | Identified the ring of False Pretenses {Int+3 Dex+3 SInv}
 12642 | Lair:2   | You fall into a shaft and drop 1 floor!
 12790 | Lair:3   | Reached XP level 12. HP: 104/113 MP: 15/15
 13317 | Lair:3   | Noticed a six-headed hydra
 13329 | Lair:3   | Killed a six-headed hydra
 13841 | Lair:4   | Found a gate leading to a gauntlet.
 13851 | Gauntlet | Entered a Gauntlet
 13851 | Gauntlet | Noticed a cacodemon
 13851 | Gauntlet | Found a transporter.
 13851 | Gauntlet | Found a transporter.
 13851 | Gauntlet | Found a transporter.
 13852 | Gauntlet | Found a transporter.
 13855 | Gauntlet | Found a transporter.
 13865 | Gauntlet | Found a transporter.
 13932 | Gauntlet | Found a transporter.
 13942 | Gauntlet | Found a transporter.
 13957 | Gauntlet | Found a transporter.
 13969 | Gauntlet | Found a transporter.
 13982 | Gauntlet | Found a transporter.
 13988 | Gauntlet | Found a transporter.
 14169 | Gauntlet | Reached skill level 15 in Fighting
 14260 | Gauntlet | Gained mutation: Your health recovers twice as slowly from
                  | being drained. [a neqoxec]
 14367 | Gauntlet | Noticed a minotaur
 14380 | Gauntlet | Killed a minotaur
 14896 | Lair:4   | Found a viscous altar of Jiyva.
 14900 | Lair:4   | Found a staircase to the Slime Pits.
 14972 | Lair:4   | Noticed a four-headed hydra
 14972 | Lair:4   | Noticed Josephine
 14986 | Lair:4   | Killed a four-headed hydra
 15002 | Lair:4   | Reached XP level 13. HP: 127/127 MP: 13/19
 15033 | Lair:4   | Killed Josephine
 15433 | Lair:5   | Entered Level 5 of the Lair of Beasts
 15433 | Lair:5   | Noticed Nessos
 15441 | Lair:4   | Reached skill level 5 in Spellcasting
 15986 | Lair:5   | Reached skill level 10 in Fire Magic
 16062 | Lair:5   | Killed Nessos
 16275 | Lair:5   | Found the +4 skin of Zhor {*Englaciate rC+++ SInv}
 16333 | Lair:5   | Identified the +4 leather armour "Kowa" {Int+4}
 16919 | Lair:5   | Reached XP level 14. HP: 103/135 MP: 18/26
 17001 | Lair:5   | Noticed Snorg
 17019 | Lair:5   | Killed Snorg
 17425 | Lair:2   | Found a staircase to the Snake Pit.
 17658 | Lair:2   | Found a staircase to the Shoals.
 18447 | D:12     | Found a portal to a secret trove of treasure.
 18479 | D:12     | Found a roughly hewn altar of Beogh.
 18479 | D:12     | Found a staircase to the Orcish Mines.
 18932 | D:12     | Noticed a storm dragon
 19449 | D:13     | Learned a level 4 spell: Sticky Flame
 19609 | D:13     | Found a gate to the Vaults.
 20461 | D:13     | Learned a level 5 spell: Fireball
 20769 | D:13     | Found a runed translucent door.
 20811 | D:13     | Identified the +8 whip of Integrity {freeze, *Rage Will+++
                  | Str+5}
 20814 | D:13     | Found a runed translucent gate.
 20814 | D:13     | Found a runed translucent gate.
 20814 | D:13     | Found a runed translucent gate.
 20814 | D:13     | Found a runed translucent gate.
 20902 | D:13     | Found a runed translucent gate.
 20904 | D:13     | Found a runed translucent gate.
 20920 | D:13     | Reached skill level 15 in Fire Magic
 21071 | D:13     | Identified the amulet "Qeske" {Spirit +Inv}
 21280 | D:14     | Identified the +4 ring mail of Amorality {Regen+ Slay+3}
 21341 | D:14     | Found a transporter.
 21352 | D:14     | Found a viscous altar of Jiyva.
 21352 | D:14     | Found a transporter.
 21352 | D:14     | Noticed a rockslime
 21705 | D:14     | Reached skill level 15 in Maces & Flails
 22021 | D:15     | Entered Level 15 of the Dungeon
 22724 | D:15     | Reached XP level 15. HP: 141/141 MP: 23/28
 22908 | D:15     | Found a staircase to the Depths.
 23788 | D:10     | Identified the death talisman of the Gloaming {rC- Slay+6
                  | SInv}
 23908 | Orc:1    | Entered Level 1 of the Orcish Mines
 23989 | Orc:2    | Entered Level 2 of the Orcish Mines
 24093 | Orc:2    | Found a runed translucent door.
 24093 | Orc:2    | Noticed yleetSyT's ghost (journeyman DsWn)
 24373 | Orc:2    | Found a staircase to the Elven Halls.
 24805 | Orc:2    | Identified the ring of Honesty {Fire Str-5 Dex+9}
 24943 | Orc:2    | Identified the +0 steam dragon scales "Xuxtymed" {rPois rN+
                  | Int+3}
 25126 | Orc:2    | Identified the staff of Hoiliako {rC+ rCorr MP-9 Str+2 Ice}
 25242 | Orc:2    | Found Plog's Antique Armour Emporium.
 25279 | Orc:2    | Bought a pair of glowing gloves for 195 gold pieces
 25293 | Orc:2    | Found a radiant altar of Vehumet.
 25293 | Orc:2    | Noticed Erolcha
 25310 | Orc:2    | Killed Erolcha
 25321 | Orc:2    | Noticed Nergalle
 25329 | Orc:2    | Killed Nergalle
 25403 | Orc:2    | Found Vatahusk's Book Emporium.
 25419 | Orc:2    | Found an ancient bone altar of Kikubaaqudgha.
 25480 | Orc:2    | Paralysed by an orc sorcerer for 5 turns
 25569 | Orc:2    | Found a roughly hewn altar of Beogh.
 25597 | Orc:2    | Paralysed by an orc sorcerer for 4 turns
 25604 | Orc:2    | Found Qemiclaq's Jewellery Shoppe.
 25612 | Orc:2    | Found Inem's Magic Scroll Shoppe.
 25678 | Orc:2    | Bought a scroll of enchant armour for 105 gold pieces
 25678 | Orc:2    | Bought a scroll of teleportation for 42 gold pieces
 25695 | Orc:2    | Bought the ring "Fuoz" {Fly rF+ rC+++ rCorr Int-2} for 1057
                  | gold pieces
 25955 | Orc:2    | Killed yleetSyT's ghost
 26119 | Orc:1    | Found a roughly hewn altar of Beogh.
 26614 | D:12     | Killed a storm dragon
 26807 | Shoals:1 | Entered Level 1 of the Shoals
 26842 | Shoals:1 | Found a glacial archway.
 26883 | IceCv    | Entered an ice cave
 27164 | IceCv    | Reached XP level 16. HP: 122/154 MP: 18/29
 28344 | Shoals:1 | Identified the +1 pair of gloves "Bygaexidd" {*Slow +Inv
                  | rPois Int+2}
 28344 | Shoals:1 | Noticed Nikola
 28388 | Shoals:1 | Killed Nikola
 29398 | Shoals:2 | Found a transporter.
 29408 | Shoals:2 | Noticed Hiprater's ghost (adept MiBe)
 29415 | Shoals:2 | Noticed a kraken
 29442 | Shoals:2 | Killed a kraken
 29585 | Shoals:2 | Found the +2 pair of slick slippers {slick, slippery, EV+4}
 29935 | Shoals:2 | Found a transporter.
 30615 | Shoals:3 | Found a runed translucent gate.
 30615 | Shoals:3 | Found a runed translucent gate.
 30615 | Shoals:3 | Found a runed translucent gate.
 30668 | Shoals:3 | Learned a level 4 spell: Flame Wave
 30844 | Shoals:3 | Identified the ring "Coeruege" {rPois AC+4 Str-5 Int+3
                  | SInv}
 31031 | Shoals:3 | Reached skill level 15 in Armour
 31033 | Shoals:3 | Reached XP level 17. HP: 73/166 MP: 13/30
 31129 | Shoals:3 | Noticed Mara
 31141 | Shoals:3 | Noticed BubbleThief's illusion
 31303 | Snake:1  | Entered Level 1 of the Snake Pit
 31416 | Snake:1  | Noticed Agnes
 31429 | Snake:1  | Killed Agnes
 31619 | Snake:1  | Noticed Frances
 31630 | Snake:1  | Killed Frances
 31828 | Snake:1  | HP: 8/166 [naga ritualist/Olgreb's Toxic Radiance (5)]
 32364 | Snake:2  | Reached skill level 1 in Shields
 32562 | Snake:2  | Found a broken altar of Ashenzari.
 32579 | Snake:2  | Identified the +5 rapier of the New World {heavy, Str+3}
 32916 | Snake:2  | Identified the serpent talisman of the Carpenter {*Corrode
                  | rElec rC+ Dex+2}
 32950 | Snake:2  | Reached skill level 5 in Shields
 33046 | Snake:1  | Upgraded the game from 0.32-a0-540-g866d13106e to
                  | 0.32-a0-576-g706899e69d
 33412 | Snake:2  | Identified the serpent talisman "Kewneh" {rF- rN++ Int-2
                  | Dex+3}
 33412 | Snake:2  | Noticed Aizul
 33429 | Snake:2  | Killed Aizul
 34184 | Snake:3  | Noticed Vashnia
 34568 | Depths:1 | Entered Level 1 of the Depths
 34568 | Depths:1 | Found a gateway to Hell.
 35022 | Depths:1 | Found a white marble altar of Elyvilon.
 35195 | Depths:1 | Reached skill level 10 in Shields
 35579 | Depths:1 | Found a stormy altar of Qazlal.
 35649 | Depths:1 | HP: 3/147 [spark wasp (15)]
 35650 | Depths:1 | Slain by a spark wasp

Illustrated notes

Levels and vault maps discovered:
D:1:      minmay_arrival_shoal_huts, layout_basic
D:2:      layout_loops_cross, serial_forest, infiniplex_forest_end_3,
          infiniplex_forest_straight_4, infiniplex_forest_lined_ring,
          infiniplex_forest_clump_small, infiniplex_forest_straight_2,
          infiniplex_forest_zigzag_2, infiniplex_forest_lined_room_2,
          infiniplex_forest_lined_ring, infiniplex_forest_end_1,
          minmay_heptomino_l4
D:3:      layout_basic, nicolae_overflow_crystal_walls, serial_glass,
          glass_columns_c, glass_columns_a, nicolae_shop_vocational
D:4:      layout_loops_ring, nicolae_ashenzari_panopticon,
          mainiacjoe_overflow_six_doors_small, serial_shops,
          nicolae_shop_tiny_glass, kennysheep_little_box
D:5:      layout_rooms, mainiacjoe_overflow_boulevard, kennysheep_mini_moat,
          minmay_temple_entry_junction_2
D:6:      layout_loops_ring, marbit_many_paths, uniq_eustachio
D:7:      layout_basic, nzn_wu_jian_council_hall,
          mainiacjoe_overflow_tiny_flanked, uniq_jeremiah
D:8:      layout_basic, nicolae_dithmenos_through_a_glass_darkly,
          dpeg_oklobed_lair, grunt_decor_cap
D:9:      layout_basic, mainiacjoe_overflow_alcove_4, tgw_kikubaaqudgha,
          lemuel_crystal_altar, gammafunk_temple_overflow_statue,
          general_overflow_altar
D:10:     lemuel_bear_cage, layout_gridville, enter_bailey_4, serial_shops,
          nicolae_lakefront_shop, uniq_gastronok, uniq_urug
D:11:     layout_rooms, minmay_strange_pillars
D:12:     layout_stronghold, david_orc_5, nicolae_trove_entry_free_sample,
          wad_dig_loot
D:13:     gammafunk_indiana_jones, layout_stronghold, david_vaults_1
D:14:     gammafunk_jiyva_shrine, layout_irregular_city,
          serial_library_hellmonk_open_square, kennysheep_cluttered_room,
          the_hattery
D:15:     hangedman_depths_entry_try_elsewhere_first, layout_loops_corners
Lair:1:   layout_regular_city, grunt_megastairs_1, serial_bayou_shore_a,
          infiniplex_staircase_pool
Lair:2:   layout_cave_pods, elwin_shoals_entry_rocks,
          guppyfry_snake_entry_island
Lair:3:   layout_regular_city, chequers_serial_rivers_micro_e,
          grunt_megastairs_3
Lair:4:   cheibrodos_magma_flow, layout_long_grid, dpeg_slime_entry_corner,
          gauntlet_entry_generic, chequers_serial_rivers_micro_e,
          minmay_stone_trees_medium, minivault_11,
          chequers_serial_rivers_micro_a, st_stairs_6, minmay_lindwurm_lava,
          uniq_josephine
Lair:5:   minmay_lair_end_frog_pond, layout_cellular_growth, uniq_snorg,
          uniq_nessos
Shoals:1: layout_shoals, portal_ice_cave_entry_ice_simulacra, uniq_nikola
Shoals:2: layout_shoals, gammafunk_ghost_arena, uniq_polyphemus
Shoals:3: layout_shoals, ebering_ghost_rock_garden, nicolae_shoals_mertower,
          uniq_mara
Snake:1:  layout_rooms, uniq_frances, uniq_agnes
Snake:2:  layout_misc_corridors, basic_altar, uniq_aizul
Snake:3:  layout_misc_corridors, minmay_shoptagon, uniq_vashnia
Orc:1:    layout_diamond_mine, basic_altar
Orc:2:    kennysheep_orc_mage_school, layout_caves,
          hellmonk_ghost_happy_afterlife, minmay_orc_treasury
Depths:1: layout_cave_pools, gammafunk_ghost_ooze, hell_entry,
          lemuel_round_altar, chequers_jeans, nicolae_elyvilon_peaceful_grove

Skill      XL: |  1  2  3  4  5  6  7  8  9 10 11 12 13 14 15 16 17 |
---------------+----------------------------------------------------+-----
Maces & Flails | 4 5 7 8 10 12 13 14 16 18 | 18.0
Fire Magic     | 4 5 7 11 15 17 | 17.5
Fighting       | 4 5 6 8 9 11 12 15 16 18 | 18.8
Spellcasting   | 2 4 8 9 |  9.0
Armour         | 2 4 6 8 10 11 12 13 15 | 15.5
Shields        | 11 | 11.0

Action                     |  1- 3 |  4- 6 |  7- 9 | 10-12 | 13-15 | 16-18 || total
---------------------------+-------+-------+-------+-------+-------+-------++-------
  Melee: Mace              |    92 |    50 |   108 |       |       |       ||   250
         Dire flail        |       |       |   244 |   744 |  1704 |   532 ||  3224
         Morningstar       |       |       |       |       |       |   381 ||   381
   Cast: Scorch            |    22 |    57 |    95 |    49 |    49 |    40 ||   312
         Summon Blazeheart |       |       |       |     3 |    41 |    20 ||    64
         Sticky Flame      |       |       |       |       |   116 |   149 ||   265
         Fireball          |       |       |       |       |     3 |    49 ||    52
         Flame Wave        |       |       |       |       |       |     2 ||     2
 Invoke: Fiery Armour      |       |     1 |     2 |     5 |     1 |       ||     9
         Foxfire Swarm     |       |       |       |     1 |     1 |       ||     2
  Evoke: Wand              |       |       |       |     6 |     1 |    16 ||    23
         Phantom mirror    |       |       |       |     1 |     1 |     2 ||     4
         Phial of floods   |       |       |       |       |       |     2 ||     2
    Use: Scroll            |       |       |    17 |    13 |     5 |     8 ||    43
         Potion            |       |       |       |       |       |     8 ||     8
   Stab: Distracted        |       |       |       |       |     1 |       ||     1
 Armour: Robe              |    64 |       |       |       |       |       ||    64
         Ring mail         |     2 |    22 |    55 |    10 |     9 |       ||    98
         Scale mail        |       |    19 |    89 |   615 |  1024 |       ||  1747
         Plate armour      |       |       |   158 |       |       |       ||   158
         Chain mail        |       |       |    36 |       |       |       ||    36
         Pearl dragon scal |       |       |       |       |   748 |  1338 ||  2086
  Dodge: Dodged            |    73 |    34 |   124 |   270 |   671 |   323 ||  1495
  Block: Tower shield      |       |       |       |       |       |   368 ||   368

Table legend: (Time is in decaauts)
 A = Elapsed time spent in this place.
 B = Non-inter-level travel time spent in this place.
 C = Inter-level travel time spent in this place.
 D = Time resting spent in this place.
 E = Time spent auto-exploring this place.
 F = Levels seen in this place.
 G = Mean time per level.
                   A        B        C        D        E       F      G
               +--------+--------+--------+--------+--------+-----+--------+
         Total |  34603 |  32549 |   2054 |   1926 |  21940 |  32 | 1081.3 |
       Dungeon |  17044 |  15793 |   1251 |    520 |  12116 |  15 | 1136.3 |
          Lair |   6411 |   5931 |    480 |    369 |   4107 |   5 | 1282.2 |
        Shoals |   2954 |   2784 |    170 |    242 |   1487 |   3 |  984.7 |
     Snake Pit |   2677 |   2620 |     57 |    407 |   1389 |   3 |  892.3 |
  Orcish Mines |   2489 |   2395 |     94 |    182 |   1472 |   2 | 1244.5 |
        Depths |    965 |    965 |      0 |     72 |    444 |   1 |  965.0 |
        Bailey |    256 |    256 |      0 |      0 |      3 |   1 |  256.0 |
      Ice Cave |   1300 |   1300 |      0 |     45 |    730 |   1 | 1300.0 |
      Gauntlet |    505 |    505 |      0 |     89 |    191 |   1 |  505.0 |
               +--------+--------+--------+--------+--------+-----+--------+

Top non-repeatable levels by time:
   Orc:2: 2022 daAuts
    D:13: 1718 daAuts
     D:6: 1588 daAuts
    D:15: 1576 daAuts
  Lair:5: 1488 daAuts
  Lair:2: 1485 daAuts
    D:10: 1379 daAuts
   IceCv: 1300 daAuts
     D:4: 1292 daAuts
  Lair:4: 1262 daAuts
 Snake:2: 1256 daAuts
    D:12: 1224 daAuts
     D:8: 1193 daAuts
     D:3: 1166 daAuts
     D:9: 1140 daAuts
